 Dungeon Crawl Stone Soup version 0.18-a0-1-gfac8111 (webtiles) character file.

3475 xeno23 the Frost Mage (level 10, 0/74 HPs)
             Began as a Merfolk Ice Elementalist on Oct 30, 2015.
             Was a Follower of Vehumet.
             Slain by a jelly (1 damage)
             ... on level 9 of the Dungeon.
             The game lasted 01:00:17 (7825 turns).

xeno23 the Frost Mage (Merfolk Ice Elementalist)    Turns: 7825, Time: 01:00:17

Health: 0/74       AC: -7    Str:  9    XL:     10   Next: 6%
Magic:  13/14      EV: 14    Int: 17    God:    Vehumet [*.....]
Gold:   393        SH:  0    Dex: 15    Spells: 4 memorised, 3 levels left

rFire  x . .     SeeInvis .     F - +2 halberd (flame)
rCold  + + .     Clarity  .     U - +1 leather armour {rC+}
rNeg   . . .     SustAt   .     (no shield)
rPois  .         Gourm    .     C - +1 helmet
rElec  .         Spirit   .     (no cloak)
rCorr  .         Warding  .     (no gloves)
rMut   .         Stasis   .     (no boots)
MR     .....                    (no amulet)
Stlth  ++........               u - ring of wizardry
                                G - ring of ice

@: icy armour, corroded equipment, heavily drained, not resistant to hostile
enchantments, unstealthy
A: change form in water, swift swim
a: Renounce Religion


You were on level 9 of the Dungeon.
You worshipped Vehumet.
Vehumet was aware of your devotion.
You were not hungry.

You visited 2 branches of the dungeon, and saw 10 of its levels.
You also visited: Sewer.

You collected 393 gold pieces.

Inventory:

Hand Weapons
 F - a +2 halberd of flaming (weapon)
 P - a +0 blowgun
Missiles
 e - 89 poisoned needles
Armour
 B - a +0 robe
 C - a +1 helmet (worn)
 U - a +1 leather armour of cold resistance (worn)
Jewellery
 n - an uncursed ring of protection from fire
 q - an uncursed ring of fire
 s - an uncursed ring of see invisible
 u - a ring of wizardry (right hand)
 G - a ring of ice (left hand)
 W - an uncursed ring of protection from magic
Wands
 I - a wand of confusion (22)
 J - a wand of enslavement (18)
 K - a wand of fire (14)
Scrolls
 d - 3 scrolls of recharging
 g - 6 scrolls of remove curse
 j - 5 scrolls of teleportation {unknown}
 k - 3 scrolls of enchant armour
 l - 2 scrolls of random uselessness {unknown}
 m - 2 scrolls of identify
 t - 2 scrolls of enchant weapon {unknown}
 v - 3 scrolls of amnesia
 y - 2 scrolls of fog {unknown}
 A - a scroll of immolation {unknown}
 D - a scroll of blinking {unknown}
 L - a scroll of noise {unknown}
 T - a scroll of vulnerability {unknown}
Potions
 f - a potion of might {unknown}
 p - 6 potions of curing
 r - 2 potions of mutation {unknown}
 w - 3 potions of resistance
 x - a potion of ambrosia {unknown}
 E - 3 potions of cancellation
 H - 3 potions of heal wounds
 M - 2 potions of agility {unknown}
 N - a potion of flight {unknown}
 O - 2 potions of lignification {unknown}
 Q - a potion of magic {unknown}
Books
 b - a book of Frost

   Spells                             Type                      Level
   a - Freeze                         Ice                          1
   b - Throw Frost                    Conjuration/Ice              2
   c - Ozocubu's Armour               Charms/Ice                   3
   d - Throw Icicle                   Conjuration/Ice              4
   e - Summon Ice Beast               Ice/Summoning                4
   f - Condensation Shield            Ice                          4
Comestibles
 c - 9 bread rations
 o - 3 fruits
 z - 4 meat rations
 R - a royal jelly
 S - 6 beef jerkies


   Skills:
 + Level 5.1(3.9) Fighting
   Level 0.2(0.0) Short Blades
 * Level 8.4(7.1) Polearms
 * Level 1.6(0.5) Armour
 + Level 6.4(5.1) Dodging
 - Level 2.1(1.0) Stealth
 - Level 3.0(1.8) Spellcasting
 * Level 2.7(1.6) Conjurations
 - Level 2.1(0.9) Charms
 - Level 5.3(4.0) Summonings
 * Level 8.8(7.4) Ice Magic


You had 3 spell levels left.
You knew the following spells:

 Your Spells              Type           Power        Failure   Level  Hunger
a - Freeze                Ice            ####         1%          1    #......
c - Summon Ice Beast      Ice/Summ       ####....     12%         4    #####..
w - Throw Icicle          Conj/Ice       ####....     16%         4    #####..
x - Ozocubu's Armour      Chrm/Ice       ###.....     7%          3    ###....


Dungeon Overview and Level Annotations

Branches:
Dungeon (9/15)             Temple (1/1) D:7
   Lair: D:8-11         Orc: D:9-12

Altars:
Ashenzari
Cheibriados
Dithmenos
Elyvilon
Fedhas
Gozag
Kikubaaqudgha
Makhleb
Nemelex Xobeh
Okawaru
Qazlal
Ru
Sif Muna
Trog
Vehumet
Xom
Yredelemnul
Zin
The Shining One


Message History

You take 12 damage.
You hit the jelly. You burn the jelly. The acid corrodes you!
Your hands burn!
The jelly is severely wounded.
The jelly hits you.
You are splashed with acid!
The acid burns!
The jelly hits you.
You are splashed with acid!
The acid corrodes you!
The acid burns!
* * * LOW HITPOINT WARNING * * *
You take 17 damage.
The jelly closely misses you. The jelly hits you.
* * * LOW HITPOINT WARNING * * *
You are splashed with acid!
The acid burns!
* * * LOW HITPOINT WARNING * * *
You take 9 damage.
The jelly hits you.
* * * LOW HITPOINT WARNING * * *
You are splashed with acid!
The acid corrodes you!
The acid burns!
* * * LOW HITPOINT WARNING * * *
The jelly hits you.
You die...

#.## #.# #... #.#
#####
#..#######.###....
#..............###
#..#######.#####
##..).).....#
#...#########
#..## #.@# #JJ#
#..### #....##
##....# ###<.#
#..........#
###.....##..#
#.###.# ...


You could see 2 jellies.

Vanquished Creatures
  Duvessa (D:4)
  An ice beast (D:7)
  A sky beast (D:7)
  An ogre (D:5)
  A necrophage (D:9)
  2 centaurs
  3 big kobolds (Sewer)
  5 giant frogs
  Dowan (D:4)
  A scorpion (D:6)
  4 wights (D:7)
  5 hounds
  2 orc priests (D:6)
  2 jellies
  2 giant frog zombies
  2 crimson imps
  2 worker ants
  An iguana (D:6)
  6 orc wizards
  Robin (D:4)
  18 adders
  6 river rats
  2 oozes
  3 worms (Sewer)
  6 giant geckos
  17 orcs
  11 bats
  6 giant cockroaches
  15 goblins
  14 hobgoblins
  4 quokkas
  6 ball pythons
  A giant gecko zombie (D:6)
  4 giant newts
  6 jackals
  14 kobolds
  A quokka skeleton (D:4)
  18 rats
196 creatures vanquished.

Vanquished Creatures (collateral kills)
  Joseph (D:8)
  A hippogriff (D:7)
  A water moccasin (D:8)
  An orc warrior (D:9)
  A black bear (D:8)
  3 ogres
  A crocodile (D:6)
  Blork the orc (D:4)
  A scorpion (D:7)
  A wight (D:7)
  A hound (D:6)
  A centaur zombie (D:5)
  2 orc priests
  A worker ant (D:5)
  An orc wizard (D:5)
  A giant gecko (D:4)
  2 orcs
  2 jackals (D:4)
23 creatures vanquished.

Grand Total: 219 creatures vanquished

Notes
Turn   | Place    | Note
--------------------------------------------------------------
     0 | D:1      | xeno23 the Merfolk Ice Elementalist began the quest for the Orb.
     0 | D:1      | Reached XP level 1. HP: 13/13 MP: 3/3
   235 | D:1      | Reached XP level 2. HP: 18/20 MP: 5/5
   923 | D:2      | Reached skill level 4 in Ice Magic
   942 | D:2      | Reached XP level 3. HP: 13/25 MP: 2/6
  1270 | D:2      | Reached skill level 1 in Fighting
  1270 | D:2      | Reached XP level 4. HP: 24/32 MP: 1/7
  1525 | D:3      | Learned a level 3 spell: Ozocubu's Armour
  1530 | D:3      | Learned a level 4 spell: Summon Ice Beast
  1800 | D:3      | Found a burning altar of Makhleb.
  1802 | D:3      | Noticed an Executioner
  1807 | D:3      | Noticed a neqoxec
  1807 | D:3      | Noticed a neqoxec
  1837 | D:3      | Found an ancient bone altar of Kikubaaqudgha.
  1884 | D:3      | Reached XP level 5. HP: 26/38 MP: 4/9
  2006 | D:3      | Found an opulent altar of Gozag.
  2240 | D:4      | Reached skill level 1 in Charms
  2328 | D:4      | Noticed an ogre
  2474 | D:4      | Noticed Blork the orc
  2508 | D:5      | Entered Level 5 of the Dungeon
  2836 | D:4      | Noticed Robin
  2866 | D:4      | Killed Robin
  2958 | D:4      | Found a sacrificial altar of Ru.
  2983 | D:4      | Reached skill level 5 in Ice Magic
  3015 | D:4      | Reached skill level 1 in Summonings
  3015 | D:4      | Reached XP level 6. HP: 34/45 MP: 5/10
  3263 | D:4      | Killed Blork the orc
  3414 | D:4      | Killed an ogre
  3416 | D:4      | Noticed Duvessa
  3419 | D:4      | Noticed Dowan
  3431 | D:4      | Killed Duvessa
  3431 | D:4      | Reached skill level 1 in Polearms
  3431 | D:4      | Reached XP level 7. HP: 39/51 MP: 2/11
  3442 | D:4      | Killed Dowan
  3630 | D:4      | Found an iron altar of Okawaru.
  3701 | D:5      | Noticed an ogre
  3710 | D:5      | Killed an ogre
  3749 | D:5      | Found a shadowy altar of Dithmenos.
  3959 | D:5      | Found a shattered altar of Ashenzari.
  4009 | D:5      | Noticed a centaur
  4021 | D:5      | Killed a centaur
  4069 | D:5      | Reached skill level 6 in Ice Magic
  4243 | D:6      | Reached XP level 8. HP: 52/58 MP: 9/12
  4339 | D:6      | Found a white marble altar of Elyvilon.
  4500 | D:6      | Reached skill level 5 in Polearms
  4500 | D:6      | Reached skill level 5 in Dodging
  4612 | D:6      | Found a glowing drain.
  4616 | Sewer    | Entered a sewer
  5168 | Sewer    | Reached skill level 7 in Ice Magic
  5297 | D:6      | Reached XP level 9. HP: 39/65 MP: 6/13
  5813 | D:7      | Reached skill level 5 in Summonings
  6011 | D:7      | Found a staircase to the Ecumenical Temple.
  6033 | Temple   | Entered the Ecumenical Temple
  6132 | Temple   | Became a worshipper of Vehumet
  6239 | D:7      | Found a stormy altar of Qazlal.
  6245 | D:7      | Learned a level 4 spell: Throw Icicle
  6280 | D:7      | Found a radiant altar of Vehumet.
  6313 | D:7      | Reached skill level 1 in Conjurations
  6313 | D:7      | Reached skill level 8 in Ice Magic
  6341 | D:7      | Found a bloodstained altar of Trog.
  6382 | D:7      | Found a deep blue altar of Sif Muna.
  6748 | D:7      | Found a glowing golden altar of the Shining One.
  6955 | D:8      | Noticed Joseph
  7045 | D:8      | Killed Joseph
  7141 | D:8      | Reached skill level 5 in Fighting
  7141 | D:8      | Reached skill level 1 in Armour
  7364 | D:8      | Reached * piety under Vehumet
  7364 | D:8      | Offered knowledge of Flame Tongue by Vehumet.
  7364 | D:8      | Reached XP level 10. HP: 74/74 MP: 14/14
  7446 | D:9      | Found a glowing silver altar of Zin.
  7825 | D:9      | HP: 1/74 [acid (8)]
  7825 | D:9      | Slain by a jelly

Vault maps used:
D:1:      noname_arrival_rooms_in_the_neighbourhood
D:2:      first_bread
D:3:      makhleb_altar_promises_db,
          nicolae_gozag_cash_rules_everything_around_me,
          lemuel_coloured_pillars_altar, serial_glass, glass_columns_a,
          glass_columns_b, glass_columns_a, glass_columns_c,
          due_unseen_surprise, item_on_display_a, minmay_box_of_dots
D:4:      overflow_temple_1_default, nicolae_overflow_hidden_temple,
          uniq_blork_the_orc, uniq_duvessa, uniq_robin
D:5:      kennysheep_mini_moat, lemuel_doored_altar, item_on_display_a
D:6:      elyvilon_altar_4, gup_sewer_entry_spiral
D:7:      nicolae_qazlal_eye_of_the_storm, overflow_temple_1_default,
          old_standard_altar, tso_oasis_becter, minmay_temple_entry_large_hall,
          basic_altar, grunt_ogre_cave, serial_bayou_lagoon_a
D:8:      uniq_joseph
D:9:      kennysheep_little_box, david_lair_generic, lemuel_jelly_drop
Temple:   circular_temple_6
Sewer:    sewer_co_tree

Action                   |  1- 3 |  4- 6 |  7- 9 | 10-12 || total
-------------------------+-------+-------+-------+-------++-------
Melee: Whip              |    13 |       |       |       ||    13
       Unarmed           |     2 |       |       |       ||     2
       Short sword       |    47 |   109 |       |       ||   156
       Halberd           |       |     6 |   306 |    22 ||   334
       Trident           |       |     5 |       |       ||     5
 Cast: Freeze            |    31 |    66 |    40 |       ||   137
       Ozocubu's Armour  |       |     6 |    19 |     2 ||    27
       Summon Ice Beast  |       |     4 |    12 |     2 ||    18
  Use: Scroll            |       |     2 |     7 |       ||     9
       Potion            |       |     1 |       |       ||     1
 Stab: Sleeping          |     5 |     9 |    22 |       ||    36
       Distracted        |       |       |       |     1 ||     1
  Eat: Chunk             |     2 |     8 |    18 |     2 ||    30
